 Dungeon Crawl Stone Soup version 0.29-a0-973-gac7da5f7f0 (webtiles) character file.

Game seed: 893826450879234794

490 vurker the Trooper (level 7, -2/44 HPs)
             Began as a Gargoyle Fighter on July 31, 2022.
             Was an Initiate of the Shining One.
             Killed by divine providence
             ... invoked by an orc priest
              (11 damage)
             ... on level 5 of the Dungeon.
             The game lasted 00:05:07 (4406 turns).

vurker the Trooper (Gargoyle Fighter)               Turns: 4406, Time: 00:05:07

Health: -2/44      AC: 18    Str: 21    XL:     7   Next: 14%
Magic:  7/7        EV:  7    Int:  9    God:    the Shining One [......]
Gold:   197        SH:  4    Dex:  9    Spells: 6/6 levels left

rFire   . . .      SeeInvis .   a - +0 war axe
rCold   + . .      Faith    .   c - +0 buckler
rNeg    + . .      Spirit   .   g - +0 chain mail
rPois   ∞          Reflect  .   m - +2 helmet
rElec   +          Harm     .   (no cloak)
rCorr   .          Rampage  .   (no gloves)
Will    .....                   j - +0 pair of boots
Stlth   ..........              b - amulet of magic regeneration
HPRegen 0.14/turn               i - ring of protection from cold
MPRegen 0.50/turn               (no ring)

@: glowing
A: sickness immunity, AC +4, negative energy resistance 1, electricity
resistance, torment resistance 1, petrification resistance
a: Renounce Religion


You were on level 5 of the Dungeon.
You worshipped the Shining One.
The Shining One was noncommittal.
You visited 1 branch of the dungeon, and saw 5 of its levels.

You collected 197 gold pieces.

Inventory:

Hand Weapons
 a - a +0 war axe (weapon)
 q - a +2 flail of draining
   (You took it off an orc on level 3 of the Dungeon)
Missiles
 t - a throwing net (quivered)
Armour
 c - a +0 buckler (worn)
 g - a +0 chain mail (worn)
   (You found it on level 1 of the Dungeon)
 j - a +0 pair of boots (worn)
   (You found it on level 1 of the Dungeon)
 m - a +2 helmet (worn)
   (You found it on level 1 of the Dungeon)
Jewellery
 b - an amulet of magic regeneration (around neck)
   (You found it on level 1 of the Dungeon)
 i - a ring of protection from cold (left hand)
   (You found it on level 1 of the Dungeon)
 s - a ring of flight
   (You found it on level 4 of the Dungeon)
Scrolls
 e - a scroll of teleportation
 k - a scroll of poison {unknown}
 l - 2 scrolls of identify {unknown}
 o - a scroll of fear {unknown}
 p - a scroll of enchant weapon {unknown}
Potions
 d - 3 potions of might
 f - 2 potions of heal wounds {unknown}
 h - 3 potions of brilliance {unknown}
 n - a potion of lignification {unknown}
 r - a potion of magic {unknown}
 u - a potion of curing {unknown}


   Skills:
 * Level 5.4 Fighting
 * Level 3.9 Axes
 + Level 4.5 Armour
 + Level 1.8 Dodging
 + Level 4.4 Shields
 + Level 0.1 Invocations


You had 6 spell levels left.
You didn't know any spells.
Your spell library contained the following spells:

 Spells                   Type           Power      Damage    Failure   Level
 Gell's Gravitas          Tloc           0%         N/A       100%        3
 Lesser Beckoning         Tloc           0%         N/A       100%        3
 Teleport Other           Tloc           0%         N/A       100%        3


Dungeon Overview and Level Annotations

Branches:
Dungeon (5/15)
 Temple: D:4-7

Altars:
The Shining One

Shops:
D:4 (


Innate Abilities, Weirdness & Mutations

You are immune to sickness and miasma.
Your stone body is resilient. (AC +4)
You are immune to poison.
You resist negative energy. (rN+)
You are resistant to electric shocks. (rElec)
You are resistant to unholy torment.
You are immune to petrification.


Message History

You barely miss the adder. The adder bites you.
The hound bites you but does no damage. The adder bites you but does no damage.
You hit the hound but do no damage. You hit the adder.
You block the hound's attack. The adder bites you but does no damage.
The hound bites you but does no damage. The adder closely misses you.
You slash the adder!
You kill the adder!
You barely miss the hound.
The hound bites you but does no damage. x2
You slash the hound! The hound bites you but does no damage.
You block the hound's attack.
You closely miss the hound.
The hound bites you but does no damage. x2
An orc priest comes into view. It is wielding a +0 mace.
The orc priest shouts!
You slash the hound!
You kill the hound!
The orc priest casts a cantrip, but nothing happens.
You hit the dart slug.
The dart slug bites you but does no damage.
You slash the dart slug!
You kill the dart slug!
The orc priest calls down the wrath of Beogh upon you.
Beogh smites you!
You see here a dart slug corpse.
The orc priest hits you but does no damage.
You closely miss the orc priest.
The orc priest calls down the wrath of Beogh upon you.
Beogh smites you!
The orc priest hits you but does no damage.
You closely miss the orc priest.
The orc priest mumbles some strange prayers to Beogh against you.
Beogh smites you!
* * * LOW HITPOINT WARNING * * *
You closely miss the orc priest.
The orc priest hits you but does no damage.
You completely miss the orc priest. The orc priest barely misses you.
The orc priest miscasts a cantrip.
You closely miss the orc priest.
The orc priest invokes the aid of Beogh against you.
Pain shoots through your body!
* * * LOW HITPOINT WARNING * * *
An orc priest comes into view. It is wielding a +0 dagger.
The orc priest attacks as you move away!
The orc priest hits you with a +0 mace.
* * * LOW HITPOINT WARNING * * *
You see here a dart slug corpse.
The orc priest attacks as you move away!
The orc priest barely misses you.
The orc priest invokes the aid of Beogh against you.
Beogh smites you!
You die...

.... #..........
#...###......?...
#....#..........#
#.............
#.........##
#..........#
##...††....#.
#.$.o....o....
#..@...>...###
#........#....
#..............##.
#.......$........
##...#........##.
##..........##
#..........#
#.#.......##


You could see 2 orc priests.

Vanquished Creatures
  A phantom (D:3)
  2 scorpions (D:4)
  A hound (D:5)
  4 orc wizards (D:4)
  Robin (D:2)
  5 adders
  2 worms
  6 dart slugs
  13 orcs
  4 bats
  4 endoplasms
  A giant cockroach (D:1)
  10 goblins
  14 hobgoblins
  3 jackals (D:4)
  5 kobolds
  3 quokkas
  3 training dummies (D:4)
  6 ball pythons
  5 rats
93 creatures vanquished.

Notes
Turn   | Place    | Note
-------+----------+-------------------------------------------
     0 | D:1      | vurker the Gargoyle Fighter began the quest for the Orb.
     0 | D:1      | Reached XP level 1. HP: 14/14 MP: 1/1
   206 | D:1      | Reached XP level 2. HP: 19/19 MP: 2/2
   609 | D:1      | Found a faded altar of an unknown god.
   794 | D:1      | Reached XP level 3. HP: 22/24 MP: 3/3
  1090 | D:2      | Noticed Robin
  1104 | D:2      | Killed Robin
  1105 | D:2      | Reached skill level 4 in Fighting
  1105 | D:2      | Reached XP level 4. HP: 16/29 MP: 4/4
  2018 | D:3      | Noticed a phantom
  2027 | D:3      | You fall into a shaft and drop 2 floors!
  2027 | D:5      | Entered Level 5 of the Dungeon
  2215 | D:3      | Killed a phantom
  2216 | D:3      | Reached skill level 1 in Dodging
  2216 | D:3      | Reached XP level 5. HP: 24/34 MP: 5/5
  2710 | D:4      | Reached XP level 6. HP: 32/40 MP: 6/6
  2719 | D:4      | Reached skill level 5 in Fighting
  2771 | D:4      | Identified the ring of the Republic {Wiz rPois rC- Dex+2}
  2858 | D:4      | Found Gostrup's Firing Range.
  3728 | D:4      | Reached XP level 7. HP: 36/44 MP: 7/7
  3877 | D:4      | Found a glowing golden altar of the Shining One.
  4144 | D:4      | Became a worshipper of the Shining One
  4406 | D:5      | Killed from afar by an orc priest

Illustrated notes

Levels and vault maps discovered:
D:1:      dpeg_arrival_leaves_temple_mockup, layout_basic,
          chequers_ecumenical_altar_island, kennysheep_crisscross, minivault_5,
          nrook_mini_vaults
D:2:      layout_loops_ring, uniq_robin
D:3:      layout_basic
D:4:      layout_basic, old_standard_altar, nicolae_shop_firing_range
D:5:      layout_cave_pools, gammafunk_ghost_arena, uniq_crazy_yiuf_cottage

Skill      XL: |  1  2  3  4  5  6 |
---------------+-------------------+-----
Axes           | 2 3 |  3.9
Fighting       | 4 5 |  5.4
Dodging        | 1 |  1.8
Armour         | 4 |  4.5
Shields        | 4 |  4.4
Invocations    | |  0.1

Action                   |  1- 3 |  4- 6 |  7- 9 || total
-------------------------+-------+-------+-------++-------
Melee: War axe           |    59 |   242 |    28 ||   329
  Use: Scroll            |       |     1 |       ||     1
Armor: Chain mail        |    47 |   183 |    28 ||   258
       Scale mail        |     2 |       |       ||     2
Dodge: Dodged            |    27 |    74 |     9 ||   110
Block: Buckler           |     7 |    51 |     4 ||    62

Table legend: (Time is in decaauts)
 A = Elapsed time spent in this place.
 B = Non-inter-level travel time spent in this place.
 C = Inter-level travel time spent in this place.
 D = Time resting spent in this place.
 E = Time spent auto-exploring this place.
 F = Levels seen in this place.
 G = Mean time per level.
                   A        B        C        D        E       F      G
               +--------+--------+--------+--------+--------+-----+--------+
         Total |   4536 |   4331 |    205 |    121 |   3376 |   5 |  907.2 |
       Dungeon |   4536 |   4331 |    205 |    121 |   3376 |   5 |  907.2 |
               +--------+--------+--------+--------+--------+-----+--------+

Top non-repeatable levels by time:
     D:4: 1758 daAuts
     D:1: 1079 daAuts
     D:2: 873 daAuts
     D:3: 675 daAuts
     D:5: 148 daAuts
